 Dungeon Crawl Stone Soup version 0.27-a0-1529-g1e82c303ef (webtiles) character file.

Game seed: 8840924468745080787

8806 Spaninq the Grappler (level 11, -5/111 HPs)
             Began as a Troll Chaos Knight on July 11, 2021.
             Was a Priest of Elyvilon.
             Slain by a meliai (15 damage)
             ... on level 8 of the Dungeon.
             The game lasted 00:30:49 (7002 turns).

Spaninq the Grappler (Troll Chaos Knight)           Turns: 7002, Time: 00:30:51

Health: -5/111     AC:  8    Str: 24    XL:     11   Next: 14%
Magic:  6/13       EV: 10    Int: 14    God:    Elyvilon [***...]
Gold:   504        SH:  0    Dex: 10    Spells: 11/14 levels left

rFire    . . .     SeeInvis .     - Unarmed
rCold    + . .     Faith    .   (no shield)
rNeg     . . .     Spirit   .   a - +2 robe
rPois    .         Reflect  .   u - +1 hat
rElec    .         Harm     .   k - +0 cloak
rCorr    .         Rampage  .   (gloves unavailable)
Will     .....                  (boots unavailable)
Stlth    +.........             (no amulet)
HPRegen  1.28/turn              q - ring of protection from cold
MPRegen  0.13/turn              z - +6 ring of intelligence

@: no status effects
A: large, unfitting armour, claws 3, regeneration 1, shaggy fur 1, tough skin 1
a: Renounce Religion, Lesser Healing, Heal Other, Purification, Divine
Protection


You were on level 8 of the Dungeon.
You worshipped Elyvilon.
Elyvilon was most pleased with you.
You visited 1 branch of the dungeon, and saw 9 of its levels.

You collected 504 gold pieces.

Inventory:

Armour
 a - a +2 robe (worn)
 k - a +0 cloak (worn)
 p - a +1 robe of willpower
 u - a +1 hat (worn)
Jewellery
 q - a ring of protection from cold (left claw)
 r - a ring of wizardry
 x - an amulet of guardian spirit
 y - a ring of magical power
 z - a +6 ring of intelligence (right claw)
Wands
 g - a wand of paralysis (12)
 j - a wand of digging (3)
 o - a wand of flame (11)
 t - a wand of mindburst (12)
Scrolls
 b - 4 scrolls of identify
 c - 4 scrolls of teleportation
 e - a scroll of amnesia
 f - 2 scrolls of enchant weapon
 A - a scroll of blinking
Potions
 d - 2 potions of haste
 i - 2 potions of mutation
 l - 2 potions of resistance
 m - 2 potions of heal wounds
 n - 3 potions of brilliance
 s - a potion of ambrosia
 v - a potion of curing
 w - a potion of magic {unknown}


   Skills:
 + Level 8.1 Fighting
 - Level 1.9 Dodging
 * Level 12.8 Unarmed Combat
 + Level 2.3 Spellcasting
 - Level 3.0 Translocations
 - Level 4.0 Invocations


You had 11 spell levels left.
You knew the following spells:

 Your Spells              Type           Power      Damage    Failure   Level
a - Apportation           Tloc           20%        N/A       7%          1
b - Blink                 Tloc           N/A        N/A       11%         2

Your spell library contained the following spells:

 Spells                   Type           Power      Damage    Failure   Level
 Gell's Gravitas          Tloc           5%         N/A       21%         3
 Lesser Beckoning         Tloc           5%         N/A       21%         3
 Teleport Other           Tloc           10%        N/A       21%         3
 Animate Skeleton         Necr           2%         N/A       24%         1
 Corona                   Hex            1%         N/A       24%         1
 Foxfire                  Conj/Fire      4%         2x1d4     24%         1
 Shock                    Conj/Air       4%         1d3       24%         1
 Summon Small Mammal      Summ           4%         N/A       24%         1
 Call Canine Familiar     Summ           1%         N/A       56%         3
 Conjure Flame            Conj/Fire      1%         6-21      56%         3
 Inner Flame              Hex/Fire       1%         N/A       56%         3
 Summon Guardian Golem    Hex/Summ       1%         N/A       56%         3
 Swiftness                Air            1%         N/A       56%         3
 Manifold Assault         Tloc           10%        N/A       88%         5
 Airstrike                Air            0%         N/A       93%         4
 Chain Lightning          Conj/Air       0%         2d1       100%        9
 Fire Storm               Conj/Fire      0%         6d1       100%        9


Dungeon Overview and Level Annotations

Branches:
Dungeon (9/15)             Temple (0/1) D:7
   Lair: D:8-11         Orc: D:9-12

Altars:
Cheibriados
Elyvilon
Gozag
Ru
Uskayaw

Shops:
D:3 (   D:8 =


Innate Abilities, Weirdness & Mutations

You are too large for most types of armour.
You have claws for hands.
Your natural rate of healing is unusually fast.
You are covered in fur. (AC +1)
You have tough skin. (AC +1)


Message History

You climb upwards.
You feel sick.
You are no longer poisoned.
There is a stone staircase leading down, spattered with blood here.
You barely miss the meliai. The meliai closely misses you.
The meliai stings you! The meliai hits you with a +4 war axe!!
* * * LOW HITPOINT WARNING * * *
The meliai closely misses you.
Okay, then.
You are healed.
The meliai hits you with a +4 war axe.
The meliai stings you but does no damage.
The meliai hits you with a +4 war axe. The meliai barely misses you.
You claw the meliai!
The meliai is heavily wounded.
The meliai hits you with a +4 war axe!
* * * LOW HITPOINT WARNING * * *
The meliai stings you.
* * * LOW HITPOINT WARNING * * *
You closely miss the meliai.
The meliai is heavily wounded.
The meliai hits you with a +4 war axe.
* * * LOW HITPOINT WARNING * * *
The meliai closely misses you. The meliai barely misses you.
The meliai stings you.
* * * LOW HITPOINT WARNING * * *
You are healed.
The meliai hits you with a +4 war axe!
* * * LOW HITPOINT WARNING * * *
The meliai stings you.
* * * LOW HITPOINT WARNING * * *
The meliai barely misses you. The meliai stings you!
* * * LOW HITPOINT WARNING * * *
You are poisoned.
The meliai poisons you!
Okay, then.
You feel purified!
You can no longer provide greater healing for yourself.
The meliai invokes the aid of its god against you.
Something smites you!
* * * LOW HITPOINT WARNING * * *
The meliai hits you with a +4 war axe!
You die...

..##..## #..## [#....#
##..# ..##..## #..#
#####..# #..## ### #
#..## ##..## ##.#
##..#### ##...####..#
##.....######......#.###
#.........##.........#
##..####.....@.....##.#
#..## ####.[y.....##.##
####..# ##.......###.#
.##..## #.......###.#
.....# ##......#..##
#...## #.......### ##..#
##.......#
#..###########........#
##....................#


You could see a meliai.

Vanquished Creatures
  Pikel (D:4)
  3 centaur zombies
  2 meliai
  2 hornets
  Grinder (D:3)
  2 wyverns
  A spriggan (D:9)
  11 yaks
  2 steam dragons (D:8)
  Grum (D:8)
  Menkaure (D:5)
  Edmund (D:4)
  3 water moccasins
  Duvessa (D:5)
  A sky beast (D:7)
  2 necrophages
  3 black bears
  2 ice beasts (D:5)
  3 ogres
  An orc warrior (D:7)
  3 wolves (D:8)
  3 centaurs
  A lemure (D:4)
  2 phantoms
  2 kobold brigands
  3 bullfrogs
  Dowan (D:5)
  4 scorpions
  17 killer bees
  3 wights (D:7)
  A bullfrog zombie (D:5)
  5 hounds
  2 orc priests
  Crazy Yiuf (D:3)
  A bullfrog skeleton (D:6)
  3 centaur skeletons
  3 gnoll shamans
  3 iguanas (D:6)
  A hound skeleton (D:5)
  16 gnolls
  3 adders
  A white imp (D:6)
  An ufetubus (D:6)
  3 worms
  2 dart slugs
  9 orcs
  3 bats
  6 endoplasms
  3 giant cockroaches
  6 goblins
  3 hobgoblins
  6 jackals
  3 quokkas
  7 ball pythons
  3 frilled lizards
  17 kobolds
  5 rats
200 creatures vanquished.

Vanquished Creatures (others)
  5 fungi (D:9)
  15 plants (D:9)
20 creatures vanquished.

Grand Total: 220 creatures vanquished

Notes
Turn   | Place    | Note
-------+----------+-------------------------------------------
     0 | D:1      | Spaninq the Troll Chaos Knight began the quest for the Orb.
     0 | D:1      | Reached XP level 1. HP: 22/22 MP: 0/0
   122 | D:1      | XOM: divination: detect creatures
   133 | D:1      | Reached XP level 2. HP: 25/29 MP: 1/1
   378 | D:1      | Found a faded altar of an unknown god.
   574 | D:1      | Fell from the grace of Xom
   574 | D:1      | Became a worshipper of Elyvilon the Healer
   574 | D:1      | Reached * piety under Elyvilon
   718 | D:2      | Reached XP level 3. HP: 34/36 MP: 2/2
   758 | D:2      | Reached skill level 4 in Unarmed Combat
   839 | D:2      | Found an opulent altar of Gozag.
   892 | D:2      | XOM: draining
   934 | D:2      | You fall into a shaft and drop 2 floors!
   982 | D:4      | Noticed Edmund
   998 | D:4      | Killed Edmund
   999 | D:4      | Reached skill level 5 in Unarmed Combat
   999 | D:4      | Reached XP level 4. HP: 35/45 MP: 3/3
   999 | D:4      | Reached XP level 5. HP: 41/53 MP: 4/4
  1069 | D:4      | Noticed Pikel
  1069 | D:4      | Noticed a lemure
  1069 | D:4      | Noticed a lemure
  1069 | D:4      | Noticed a lemure
  1069 | D:4      | Noticed a black bear
  1171 | D:3      | Reached ** piety under Elyvilon
  1182 | D:3      | Learned a level 1 spell: Apportation
  1607 | D:3      | Found a runed translucent door.
  1608 | D:3      | Noticed Crazy Yiuf
  1615 | D:3      | Killed Crazy Yiuf
  1795 | D:3      | Noticed Grinder
  1806 | D:3      | Killed Grinder
  1807 | D:3      | Reached skill level 6 in Unarmed Combat
  1807 | D:3      | Reached skill level 1 in Invocations
  1807 | D:3      | Reached XP level 6. HP: 61/62 MP: 4/6
  1854 | D:3      | Found Uppetal's Weapon Shop.
  2314 | D:4      | Killed Pikel
  2315 | D:4      | Reached skill level 7 in Unarmed Combat
  2315 | D:4      | Reached XP level 7. HP: 40/71 MP: 6/8
  2516 | D:4      | Reached XP level 8. HP: 60/79 MP: 9/9
  2746 | D:5      | Entered Level 5 of the Dungeon
  2746 | D:5      | Reached *** piety under Elyvilon
  2788 | D:5      | Found an opulent altar of Gozag.
  2822 | D:5      | Reached skill level 5 in Fighting
  2822 | D:5      | Reached skill level 8 in Unarmed Combat
  2853 | D:5      | Noticed Menkaure
  2861 | D:5      | Killed Menkaure
  2955 | D:5      | Noticed Duvessa
  2969 | D:5      | Killed Duvessa
  2992 | D:5      | Noticed Dowan
  2997 | D:5      | Killed Dowan
  2998 | D:5      | Reached skill level 9 in Unarmed Combat
  3029 | D:5      | XOM: confusion (+ monsters)
  3079 | D:5      | Reached XP level 9. HP: 58/89 MP: 11/11
  3092 | D:5      | Reached skill level 10 in Unarmed Combat
  3099 | D:5      | XOM: polymorph orc -> goblin
  3478 | D:6      | XOM: 5-stop teleportation journey
  3516 | D:6      | Reached skill level 11 in Unarmed Combat
  3537 | D:6      | XOM: 3-stop teleportation journey
  3853 | D:6      | Learned a level 2 spell: Blink
  3908 | D:6      | XOM: cloud trail
  3977 | D:6      | XOM: noise
  4215 | D:6      | Found a sacrificial altar of Ru.
  4215 | D:6      | Found a snail-covered altar of Cheibriados.
  4218 | D:6      | Found a hide-covered altar of Uskayaw.
  4375 | D:7      | Reached XP level 10. HP: 102/102 MP: 12/12
  4539 | D:7      | Reached **** piety under Elyvilon
  4554 | D:7      | Reached skill level 1 in Translocations
  4753 | D:6      | Reached skill level 1 in Spellcasting
  4757 | D:6      | XOM: silly message
  4835 | D:7      | XOM: silly message
  4889 | D:6      | XOM: silly message
  4954 | D:7      | Found a staircase to the Ecumenical Temple.
  4984 | D:7      | XOM: silly message
  5222 | D:8      | XOM: silly message
  5226 | D:8      | Found Uxkuin's Jewellery Emporium.
  5260 | D:8      | XOM: 4-stop teleportation journey
  5333 | D:8      | Reached skill level 12 in Unarmed Combat
  5586 | D:8      | Noticed Grum
  5602 | D:8      | Killed Grum
  6740 | D:9      | Paralysed by a hornet for 1 turns
  6747 | D:9      | Reached XP level 11. HP: 43/111 MP: 13/13
  6860 | D:8      | XOM: noise
  6914 | D:8      | XOM: noise
  7002 | D:8      | Slain by a meliai

Illustrated notes

Levels and vault maps discovered:
D:1:      dpeg_arrival_stone_temple_mockup, layout_loops_ring,
          shapermc_ecumenical_altar_starsandcircs, patterned_corridor
D:2:      layout_basic, basic_altar
D:3:      layout_basic, serial_shops, nicolae_shop_window_shopping,
          uniq_crazy_yiuf_cottage, uniq_grinder
D:4:      layout_loops_ring, uniq_edmund, uniq_pikel
D:5:      layout_basic, nicolae_gozag_seed_capital, uniq_menkaure, uniq_duvessa
D:6:      layout_loops_ring, nicolae_overflow_hidden_temple
D:7:      layout_cave_pools, temple_fountains
D:8:      layout_layer_cave, serial_shops, shop, uniq_grum
D:9:      layout_gridville, minmay_lair_entry_grove, the_hattery, uniq_maurice

Skill      XL: |  1  2  3  4  5  6  7  8  9 10 11 |
---------------+----------------------------------+-----
Unarmed Combat | 5 6 7 9 11 12 | 12.8
Fighting       | 3 4 5 7 8 |  8.1
Invocations    | 1 3 4 |  4.0
Translocations | 3 |  3.0
Spellcasting   | 2 |  2.3
Dodging        | |  1.9

Action                   |  1- 3 |  4- 6 |  7- 9 | 10-12 || total
-------------------------+-------+-------+-------+-------++-------
Melee: Unarmed           |   106 |    92 |   224 |   239 ||   661
       Punch             |       |     3 |     7 |    11 ||    21
Invok: Purification      |       |       |     2 |     3 ||     5
       Lesser Healing    |       |       |     1 |       ||     1
       Greater Healing   |       |       |       |     4 ||     4
  Use: Scroll            |     1 |     6 |     8 |     4 ||    19
       Potion            |       |       |       |     1 ||     1
 Stab: Sleeping          |       |       |       |     1 ||     1
Armor: Robe              |    48 |    28 |    72 |    85 ||   233
Dodge: Dodged            |    37 |    42 |   105 |   162 ||   346

Table legend: (Time is in decaauts)
 A = Elapsed time spent in this place.
 B = Non-inter-level travel time spent in this place.
 C = Inter-level travel time spent in this place.
 D = Time resting spent in this place.
 E = Time spent auto-exploring this place.
 F = Levels seen in this place.
 G = Mean time per level.
                   A        B        C        D        E       F      G
               +--------+--------+--------+--------+--------+-----+--------+
         Total |   6933 |   6725 |    208 |    452 |   4638 |   9 |  770.3 |
       Dungeon |   6933 |   6725 |    208 |    452 |   4638 |   9 |  770.3 |
               +--------+--------+--------+--------+--------+-----+--------+

Top non-repeatable levels by time:
     D:8: 1445 daAuts
     D:6: 1004 daAuts
     D:4: 757 daAuts
     D:3: 741 daAuts
     D:1: 698 daAuts
     D:5: 690 daAuts
     D:7: 689 daAuts
     D:2: 544 daAuts
     D:9: 362 daAuts
